 Dungeon Crawl Stone Soup version 0.32-a0-893-gf85d74f360 (webtiles) character file.

Game seed: 9514398291257602439

100 pokedragonboy the Grasshopper (level 4, 0/40 HPs)
             Began as a Naga Warper on Apr 3, 2024.
             Slain by an orc
             ... wielding a +0 club
              (4 damage)
             ... on level 3 of the Dungeon.
             The game lasted 00:04:24 (2410 turns).

pokedragonboy the Grasshopper (Naga Warper)         Turns: 2410, Time: 00:04:25

Health: 0/40       AC:  2    Str: 15    XL:     4   Next: 73%
Magic:  6/7        EV:  8    Int: 13    God:
Gold:   91         SH:  0    Dex: 11    Spells: 2/7 levels left

rFire   . . .        a - +0 hand axe
rCold   . . .        (no shield)
rNeg    . . .        b - +0 leather armour
rPois   +            (no helmet)
rElec   .            (no cloak)
rCorr   .            (no gloves)
SInv    +            (no barding)
Will    .....        (no amulet)
Stlth   +            g - ring of wizardry
HPRegen 0.26/turn    (no ring)
MPRegen 0.10/turn

%: wizardry (x1)
@: very slow
A: AC +1, large, see invisible, deformed body, poison resistance, slowness 2,
spit poison 1, naga tail 1
a: Spit Poison


You were on level 3 of the Dungeon.
You visited 1 branch of the dungeon, and saw 3 of its levels.

You collected 91 gold pieces.

Inventory:

Hand Weapons
 a - a +0 hand axe (weapon)
Missiles
 d - 4 darts of dispersal
 l - 5 poisoned darts
Armour
 b - a +0 leather armour (worn)
 h - a +0 chain mail
Jewellery
 g - a ring of wizardry (left hand)
 m - a ring of positive energy
Talismans
 n - a blade talisman
Wands
 j - a wand of polymorph (6)
Scrolls
 c - 2 scrolls of blinking
 i - a scroll of fog {unknown}
 k - a scroll of fear {unknown}
Potions
 e - 2 potions of lignification {unknown}
 f - a potion of berserk rage {unknown}
 o - a potion of degeneration {unknown}


   Skills:
 + Level 2.5 Fighting
 * Level 3.2 Axes
 - Level 0.8 Throwing
 - Level 0.7 Armour
 - Level 1.5 Dodging
 + Level 2.4 Spellcasting
 * Level 3.9 Translocations


You had 2 spell levels left.
You knew the following spells:

 Your Spells              Type           Power      Damage    Failure   Level
j - Teleport Other        Tloc           11%        N/A       7%          3
n - Blink                 Tloc           22%        N/A       3%          2

Your spell library contained the following spells:

 Spells                   Type           Power      Damage    Failure   Level
 Lesser Beckoning         Tloc           22%        N/A       3%          2
 Maxwell's Portable Pile  Tloc           11%        2d(6-16)  7%          3
 Vhi's Electric Charge    Tloc/Air       12%        N/A       45%         4


Dungeon Overview and Level Annotations

Branches:
Dungeon (3/15)

Altars:


Innate Abilities, Weirdness & Mutations

Your serpentine skin is tough. (AC +1)
You have supernaturally acute eyesight. (SInv)
Armour fits poorly on your strangely shaped body.
Your system is resistant to poisons. (rPois)
You cover ground very slowly.
You can spit poison.
You have a snake-like lower body.


Message History

Press: ? - help, Shift-Dir - straight line, f - ball python
Aim: a ball python (translocational energy, 47% to hit)
You throw a dart of dispersal.
The dart of dispersal hits the ball python.
The ball python blinks!
You have got your breath back.
You feel ready to blink again.
Aiming: Spit Poison (1% risk of failure)
Press: ? - help, Q - select action, (/) - cycle Shift-Dir - straight line, f/p - ball python
Aim: a ball python (54% to hit)
The splash of poison hits the ball python!
You kill the ball python!
Things that are here:
a quokka corpse; a frilled lizard corpse You have got your breath back.
Aiming: Spit Poison (1% risk of failure)
Press: ? - help, Q - select action, (/) - cycle Shift-Dir - straight line, f - orc
Aim: an orc, wielding a +0 club (severely wounded, 59% to hit)
The splash of poison misses the orc.
Okay, then.
Okay, then.
You can't do that yet.
Throw: 7 darts (poison)
Press: ? - help, Shift-Dir - straight line, f/p - orc
Aim: an orc, wielding a +0 club (severely wounded, 52% to hit)
You throw a poisoned dart.
The poisoned dart barely misses the orc.
The orc hits you but does no damage.
Throw: 6 darts (poison)
Press: ? - help, Shift-Dir - straight line, f/p - orc
Aim: an orc, wielding a +0 club (severely wounded, 52% to hit)
You throw a poisoned dart.
The poisoned dart closely misses the orc.
The orc hits you with a +0 club.
* * * LOW HITPOINT WARNING * * *
You hit the orc.
The orc is almost dead.
You have got your breath back.
The orc hits you with a +0 club.
You die...

..... ....
......#########(#
>......S........#
......#####.....#
..... ####.....#
.... #.........#
... #.###...#†#
.. #...#o# #
#.†.#@# #...#.#
#...#.#
#.#######.######.
#................
#
#####...#########
# #........ # #.#
###........ # #.#
#...........


You could see an orc.

Vanquished Creatures
  An orc wizard (D:3)
  3 adders (D:2)
  2 orcs (D:3)
  7 ball pythons
  8 endoplasms
  A giant cockroach (D:1)
  4 goblins
  4 hobgoblins (D:1)
  3 quokkas
  A bat (D:1)
  4 frilled lizards
  4 kobolds
  3 rats
45 creatures vanquished.

Notes
Turn   | Place    | Note
-------+----------+-------------------------------------------
     0 | D:1      | pokedragonboy the Naga Warper began the quest for the Orb.
     0 | D:1      | Reached XP level 1. HP: 19/19 MP: 3/3
   268 | D:1      | Reached XP level 2. HP: 26/26 MP: 5/5
   789 | D:1      | Reached XP level 3. HP: 30/32 MP: 6/6
  1060 | D:1      | Learned a level 2 spell: Blink
  1064 | D:1      | Learned a level 3 spell: Teleport Other
  1735 | D:2      | Reached XP level 4. HP: 34/40 MP: 7/7
  2410 | D:3      | Slain by an orc

Illustrated notes

Levels and vault maps discovered:
D:1:      minmay_arrival_loop, layout_basic
D:2:      layout_loops_ring
D:3:      layout_basic, minmay_close_crescents

Skill      XL: |  1  2  3  4 |
---------------+-------------+-----
Axes           | 3 |  3.2
Fighting       | |  2.5
Throwing       | |  0.8
Armour         | |  0.7
Dodging        | |  1.5
Spellcasting   | |  2.4
Translocations | |  3.9

Action                     |  1- 3 |  4- 6 || total
---------------------------+-------+-------++-------
  Melee: Hand axe          |   102 |    53 ||   155
  Throw: Dart              |       |     5 ||     5
   Cast: Blink             |       |     1 ||     1
Ability: Spit Poison       |    16 |     7 ||    23
   Stab: Sleeping          |       |     1 ||     1
 Armour: Leather armour    |    79 |    42 ||   121
  Dodge: Dodged            |    48 |    26 ||    74

Table legend: (Time is in decaauts)
 A = Elapsed time spent in this place.
 B = Non-inter-level travel time spent in this place.
 C = Inter-level travel time spent in this place.
 D = Time resting spent in this place.
 E = Time spent auto-exploring this place.
 F = Levels seen in this place.
 G = Mean time per level.
                   A        B        C        D        E       F      G
               +--------+--------+--------+--------+--------+-----+--------+
         Total |   3109 |   2990 |    119 |    209 |   2328 |   3 | 1036.3 |
       Dungeon |   3109 |   2990 |    119 |    209 |   2328 |   3 | 1036.3 |
               +--------+--------+--------+--------+--------+-----+--------+

Top non-repeatable levels by time:
     D:1: 1513 daAuts
     D:2: 1304 daAuts
     D:3: 291 daAuts
